Map: Blackburn LE

Players

Pumba - Winner!

  • Race: Zerg Zerg
  • League: Gold
  • Spawn Location: 5:00

GungaDin

  • Race: Protoss Protoss
  • League: Platinum
  • Spawn Location: 7:00

VOD

Have the link to the VOD?

Description

Time

  • Played on: Aug. 3, 2021, 7:19 p.m.
  • Length: 12:33
Show
View Real Time Build Order
Export as new Build Order

Pumba Zerg - Winner!

Build Orders: Pool First, Roach Hydra 

Get SALT Encoding   

  12  0:01  Drone  
  13  0:12  Overlord  
  13  0:16  Drone  
  14  0:30  Drone  
  14  0:31  Drone  
  16  0:39  Drone  
  17  0:45  Spawning Pool  
  17  0:48  Drone  
  17  1:05  Drone  
  18  1:17  Hatchery  
  17  1:20  Drone  
  18  1:26  Drone, Extractor  
  18  1:32  Queen  
  18  1:37  Zergling x2  
  21  1:42  Overlord  
  21  1:51  Drone  
  22  2:07  Drone  
  22  2:08  Queen  
  25  2:28  Drone x2  
  27  2:31  Drone  
  27  2:32  Drone  
  29  2:47  Drone x4  
  29  2:48  Metabolic Boost  
  33  2:52  Overlord  
  33  2:54  Overlord  
  33  3:01  Drone  
  33  3:02  Drone  
  35  3:05  Roach Warren  
  34  3:19  Drone x7  
  41  3:20  Overlord  
  41  3:41  Drone x3  
  43  3:45  Hatchery  
  43  3:53  Drone x5  
  43  3:54  Overlord x2  
  48  3:58  Extractor x2  
  48  4:01  Lair  
  48  4:02  Extractor  
  45  4:14  Drone x3  
  48  4:25  Drone x4  
  52  4:31  Overlord x2  
  52  4:32  Overlord x2  
  52  4:56  Roach x9  
  52  4:57  Overlord  
  70  5:06  Overlord  
  70  5:07  Overlord  
  69  5:08  Overseer  
  69  5:18  Spore Crawler  
  69  5:20  Spore Crawler  
  69  5:21  Spore Crawler  
  66  5:30  Queen  
  66  5:32  Roach x6  
  66  5:34  Roach  
  82  5:44  Roach x4  
  90  5:53  Glial Reconstitution  
  90  6:07  Spore Crawler  
  90  6:08  Hydralisk Den  
  88  6:12  Drone x4  
  92  6:32  Drone x11  
  103  7:03  Grooved Spines  
  103  7:10  Drone x8  
  103  7:13  Overlord x2  
  103  7:14  Overlord x3  
  103  7:15  Hydralisk x4  
  119  7:26  Overlord x3  
  104  7:53  Queen, Hydralisk x2  
  104  7:54  Hydralisk x8  
  104  7:55  Overlord x2  
  122  8:06  Extractor x2  
  120  8:14  Muscular Augments  
  120  8:20  Evolution Chamber x2  
  120  8:23  Hydralisk x13  
  144  8:38  Hatchery  
  143  8:47  Hatchery  
  140  8:55  Hydralisk x7  
  150  8:59  Overlord  
  134  9:12  Zerg Ground Armor Level 1, Zerg Missile Weapons Level 1  
  132  9:20  Zergling x2  
  132  9:22  Zergling x2  
  132  9:23  Zergling x2  
  135  9:51  Hydralisk x9  
  153  10:15  Hydralisk x6  
  161  10:32  Hydralisk x8  
  151  10:46  Hydralisk x3  
  149  10:50  Hydralisk x2  
  149  10:54  Hydralisk  
  153  11:00  Hydralisk x7  
  167  11:05  Hydralisk  
  167  11:06  Hydralisk  
  167  11:42  Hydralisk x10  
  167  11:44  Hydralisk x4  
Show
View Real Time Build Order
Export as new Build Order

GungaDin Protoss 

Build Orders:  

Get SALT Encoding   

  12  0:00  Probe  
  13  0:12  Probe  
  14  0:19  Pylon  
  14  0:24  Probe (Chrono Boost)  
  15  0:37  Probe (Chrono Boost)  
  16  0:43  Gateway  
  16  0:46  Probe (Chrono Boost)  
  17  0:53  Probe  
  18  1:01  Assimilator  
  18  1:05  Probe  
  19  1:17  Probe  
  20  1:30  Probe  
  21  1:34  Cybernetics Core  
  21  1:42  Gateway  
  21  1:49  Gateway  
  21  1:59  Nexus  
  21  2:04  Zealot (Chrono Boost)  
  23  2:11  Assimilator  
  23  2:16  Shield Battery  
  23  2:21  Warp Gate  
  23  2:37  Pylon  
  23  2:55  Adept, Probe, Stalker  
  28  3:04  Stargate  
  28  3:09  Probe (Chrono Boost)  
  29  3:16  Probe (Chrono Boost)  
  30  3:25  Probe x2 (Chrono Boost)  
  32  3:30  Probe (Chrono Boost)  
  32  3:32  Probe  
  34  3:42  Probe  
  34  3:44  Probe  
  34  3:45  Void Ray (Chrono Boost)  
  34  3:47  Pylon  
  40  3:55  Probe  
  41  3:56  Probe  
  42  4:04  Stargate  
  42  4:07  Probe  
  42  4:08  Probe  
  44  4:19  Probe  
  45  4:25  Nexus  
  45  4:28  Pylon  
  45  4:29  Probe  
  45  4:31  Probe  
  47  4:37  Assimilator  
  47  4:42  Probe, Assimilator  
  47  4:43  Probe  
  49  4:46  Void Ray  
  53  4:54  Void Ray  
  53  4:58  Probe x2  
  59  5:03  Shield Battery  
  59  5:10  Probe x2  
  61  5:22  Probe  
  62  5:33  Pylon  
  62  5:36  Void Ray, Probe x2, Pylon  
  62  5:42  Probe  
  69  5:50  Twilight Council  
  69  5:51  Protoss Air Weapons Level 1  
  69  5:54  Void Ray  
  73  6:20  Shield Battery, Pylon  
  73  6:21  Probe  
  73  6:22  Probe x2  
  76  6:26  Void Ray  
  76  6:29  Fleet Beacon  
  80  6:33  Probe  
  80  6:34  Probe x2  
  80  6:35  Pylon  
  83  6:41  Void Ray  
  87  6:55  Assimilator  
  87  6:59  Assimilator  
  87  7:04  Zealot  
  87  7:05  Zealot  
  83  7:57  Probe x3  
  86  8:09  Probe x3  
  86  8:11  Carrier  
  86  8:12  Carrier  
  101  8:16  Stargate  
  101  8:19  Pylon  
  101  8:21  Flux Vanes  
  101  8:22  Gateway  
  101  8:24  Gateway  
  101  8:30  Pylon  
  101  8:40  Zealot x2  
  99  8:53  Probe x3  
  97  9:01  Gateway  
  97  9:02  Gateway  
  97  9:05  Gateway, Probe x3  
  97  9:06  Gateway  
  97  9:07  Charge (Chrono Boost)  
  97  9:08  Gateway  
  100  9:11  Gateway  
  100  9:12  Gateway  
  100  9:16  Gateway  
  100  9:22  Shield Battery  
  100  9:24  Shield Battery  
  100  9:25  Shield Battery x2  
  100  9:26  Probe  
  100  9:27  Shield Battery, Probe x2  
  100  9:31  Pylon  
  103  9:35  Nexus  
  103  9:39  Probe x3  
  106  9:46  Pylon  
  106  9:49  Pylon  
  106  9:51  Probe x3  
  109  9:57  Carrier x2  
  109  9:59  Zealot x2  
  125  10:04  Probe x2, Pylon  
  127  10:07  Pylon  
  127  10:09  Pylon  
  127  10:11  Pylon  
  127  10:12  Pylon  
  127  10:15  Pylon  
  127  10:21  Zealot x4  
  127  10:23  Probe  
  127  10:24  Probe  
  133  10:32  Zealot x3  
  106  10:45  Zealot x4  
  86  11:01  Zealot x5  
  86  11:02  Zealot  
  93  11:14  Zealot x3  
  97  11:32  Stalker x2  
  98  11:33  Stalker  
Tags
 
Add a new tag
Caveats
  • Supply blocks, unpowered buildings, or Contaminate may cause inaccurate times.
  • Supply counts are checked every 10 seconds.